Unix NetHack Version 5.0.0-0 post-release - last build Jul 19 2026 19:10:59 (3aa4ab31751d3886436d94b585a96704892fd477,branch:main).

Game began 2026-07-22 18:18:43, ended 2026-07-23 12:52:16.

A4Paper, chaotic female elven Wizard

          ..
         ...
         ....
 -  --0----..------
 |..0......f..@)..G    h
  -.<....----------
  ---.----
    ---

A4Paper the Conjurer      St:9 Dx:15 Co:13 In:19 Wi:13 Ch:12  Chaotic S:897
Dlvl:4  $:213 HP:0(21) Pw:17(66) AC:9  Xp:4/131 T:1247 

Latest messages:
 In what direction?
 The spell hits the gnome!
 The gnome throws a dagger!
 You are hit by a dagger!
 Wizard, your life force is running out.
 In what direction?
 The spell hits the gnome!
 You kill the gnome!
 What do you want to drink? [fgpD or ?*]
 You feel strong!
 You feel smart!
 You feel wise!
 You feel agile!
 You feel tough!
 You feel charismatic!
 What do you want to drink? [fgD or ?*]
 Magical energies course through your body.
 In what direction?
 The spell hits the gnome!
 You kill the gnome!
 Bluey bites the gnome.
 The gnome is killed!
 Bluey eats a gnome corpse.
 E - a white gem.
 You fail to cast the spell correctly.
 You fail to cast the spell correctly.
 Bluey eats a tripe ration.
 Bluey eats a gnome lord corpse.
 Bluey eats a gnome lord corpse.
 You can't go up here.
 You descend the stairs.
 What do you want to zap? [cx or ?*]
 A lit field surrounds you!
 You see here a spellbook of slow monster.
 F - a spellbook of slow monster.
 What do you want to read? [hklouA-CF or ?*]
 You begin to memorize the runes.
 You hear crashing rock.
 You add "slow monster" to your repertoire, as 'd'.
 The gnomish wizard suddenly disappears!
 The gnome wields a crossbow!
 What do you want to zap? [cx or ?*]
 A lit field surrounds you!
 The gnome shoots 2 crossbow bolts!
 You are hit by the 1st crossbow bolt.
 You are hit by the 2nd crossbow bolt!
 The gnome shoots a crossbow bolt!
 You are hit by a crossbow bolt!
 You die...
 Do you want your possessions identified? [ynq] (y)

Inventory:
 Coins    ('$')
  $ - 213 gold pieces
 Weapons  (')')
  v - a +0 dagger (weapon in right hand)
 Armor    ('[')
  s - a cursed +0 alchemy smock with text "Don't make me poison you"
  b - a blessed +0 cloak of magic resistance (being worn)
 Comestibles  ('%')
  r - 3 uncursed food rations
  a - an uncursed orange
 Scrolls  ('?')
  u - an uncursed scroll of charging
  C - an uncursed scroll of destroy armor
  A - an uncursed scroll of enchant armor
  o - an uncursed scroll of remove curse
  h - an uncursed scroll of teleportation
 Spellbooks  ('+')
  k - a blessed spellbook of force bolt
  l - an uncursed spellbook of identify
  B - an uncursed spellbook of sleep
  F - an uncursed spellbook of slow monster
 Potions  ('!')
  D - an uncursed potion of fruit juice
  f - an uncursed potion of paralysis
 Rings    ('=')
  d - an uncursed +2 ring of increase damage (on left hand)
  e - an uncursed ring of slow digestion (on right hand)
 Wands    ('/')
  c - a wand of light (0:11)
  x - a wand of secret door detection (0:15)
 Tools    ('(')
  q - a bag of tricks (0:16)
  n - an uncursed leather drum
  m - a magic marker (0:20)
 Gems/Stones  ('*')
  w - an uncursed worthless piece of red glass
  E - an uncursed worthless piece of white glass

A4Paper the Wizard's attributes:

Background:
 You were a Conjurer, a level 4 female elven Wizard.
 You were chaotic, nominally on a mission for Anhur
 who was opposed by Ptah (lawful) and Thoth (neutral).
 You were right-handed.
 You were in the Gnomish Mines, on level 4.
 You entered the dungeon 1247 turns ago.
 You had 131 experience points, 29 more were needed to attain level 5.
 Your score was 897 before end-of-game adjustments.

Basics:
 You had 0 out of 21 hit points.
 You had 17 out of 66 energy points (spell power).
 Your armor class was 9.
 Your wallet contained 213 zorkmids.
 Autopickup was off.

Final Characteristics:
 Your strength was 9 (limit:18).
 Your dexterity was 15 (limit:18).
 Your constitution was 13 (limit:16).
 Your intelligence was 19 (limit:20).
 Your wisdom was 13 (limit:20).
 Your charisma was 12 (limit:18).

Final Status:
 You weren't hungry.
 You were unencumbered.
 You were wielding a dagger.
 You were unskilled in dagger.

Final Attributes:
 You were devoutly aligned.
 You were magic-protected.
 You were sleep resistant.
 You had infravision.
 You had slower digestion.
 You had a small damage bonus (+2).
 You were warded.
 You are dead.

Miscellaneous:
 You didn't encounter any bones levels.
 Total elapsed playing time was 17 minutes and 19 seconds.

Major events:
 Turn
    1: A4Paper the chaotic female elven Wizard entered the dungeon
  311: read a Discworld novel
  596: attained the rank of Conjurer (level 3)
 1039: entered the Gnomish Mines
 1247: killed by a crossbow bolt

Spells:
 Name                 Level Category     Fail Retention
 force bolt             1   attack         0%  91%-100%
 identify               3   divination    79%  76%-100%
 sleep                  3   enchantment    0%  91%-100%
 slow monster           2   enchantment    0%  91%-100%

Skills:
 Fighting Skills
   bare handed combat [Unskilled]
   riding             [Unskilled]
 Weapon Skills
   dagger             [Unskilled]
   knife              [Unskilled]
   axe                [Unskilled]
   short sword        [Unskilled]
   club               [Unskilled]
   mace               [Unskilled]
   quarterstaff       [Basic]
   polearms           [Unskilled]
   spear              [Unskilled]
   trident            [Unskilled]
   sling              [Unskilled]
   dart               [Unskilled]
   shuriken           [Unskilled]
 Spellcasting Skills
   attack spells      [Basic]
   healing spells     [Unskilled]
   divination spells  [Unskilled]
   enchantment spells [Basic]
   clerical spells    [Unskilled]
   escape spells      [Unskilled]
   matter spells      [Unskilled]

Voluntary challenges:
 Character rerolling was not enabled.
 You were an atheist.
 You never genocided any monsters.
 You never polymorphed an object.
 You never changed form.
 You used no wishes.
Achievements:
 You entered a shop.
 You read from a Discworld novel.
 You attained the rank of Conjurer.
 You entered the Gnomish Mines.

 The Dungeons of Doom: levels 1 to 2
    Level 1:
    Level 2:
       A scroll shop.
       Stairs down to The Gnomish Mines.
 The Gnomish Mines: levels 3 to 4
    Level 3:
    Level 4: <- You were here.
       Final resting place for
          you, killed by a crossbow bolt.


Vanquished creatures:
  2 gnome leaders
  2 dwarves
  a yellow mold
  8 gnomes
  3 jackals
  2 goblins
  a sewer rat
  a lichen
  5 newts
25 creatures vanquished.

No species were genocided or became extinct.

Game over:
                       ----------
                      /          \
                     /    REST    \
                    /      IN      \
                   /     PEACE      \
                  /                  \
                  |     A4Paper      |
                  |      213 Au      |
                  |   killed by a    |
                  |  crossbow bolt   |
                  |                  |
                  |                  |
                  |       2026       |
                 *|     *  *  *      | *
        _________)/\\_//(\/(/\)/\//\/|_)_______

Goodbye A4Paper the Wizard...

You died in The Gnomish Mines on dungeon level 4 with 876 points,
and 213 pieces of gold, after 1247 moves.
You were level 4 with a maximum of 21 hit points when you died.

